 Dungeon Crawl Stone Soup version 0.29-a0-284-gf9362112df (webtiles) character file.

Game seed: 10342863301647861576

9832 mistaj the Carver (level 11, -7/99 HPs)
             Began as a Troll Monk on Mar 23, 2022.
             Was a High Priest of Hepliaklqana.
             Mangled by a wyvern (15 damage)
             ... on level 9 of the Dungeon on Mar 24, 2022.
             The game lasted 00:18:38 (8302 turns).

mistaj the Carver (Troll Monk)                      Turns: 8302, Time: 00:18:39

Health: -7/99      AC:  9    Str: 23    XL:     11   Next: 28%
Magic:  10/10      EV: 10    Int:  8    God:    Hepliaklqana [*****.]
Gold:   502        SH:  0    Dex: 12    Spells: 10/10 levels left

rFire   . . .      SeeInvis .   n - +9 sword of Zonguldrok {reap}
rCold   + . .      Faith    .   (no shield)
rNeg    . . .      Spirit   .   m - +0 steam dragon scales
rPois   .          Reflect  .   s - +1 hat
rElec   .          Harm     .   a - +0 cloak
rCorr   .          Rampage  .   (gloves unavailable)
Will    .....                   (boots unavailable)
Stlth   ++........              (no amulet)
HPRegen 1.06/turn               e - ring of protection from cold
MPRegen 0.12/turn               (no ring)

@: no status effects
A: reduced essence, large, unfitting armour, claws 3, regeneration 1, shaggy fur
1, tough skin 1
a: Renounce Religion, Recall Ancestor, Ancestor Identity, Transference, Idealise


You were on level 9 of the Dungeon.
You worshipped Hepliaklqana.
Hepliaklqana was extremely pleased with you.
You visited 1 branch of the dungeon, and saw 9 of its levels.
You also visited: Bailey.

You collected 502 gold pieces.

Inventory:

Hand Weapons
 n - the +9 sword of Zonguldrok (weapon) {reap}
   (You found it on level 2 of the Dungeon)

   Any living foe damaged by it may be reanimated upon death as a zombie
   friendly to the wielder, with an increasing chance as more damage is dealt.
 o - a +1 scimitar of flaming
Armour
 a - a +0 cloak (worn)
 m - +0 steam dragon scales (worn)
 s - a +1 hat (worn)
 v - a +2 robe of positive energy
Jewellery
 e - a ring of protection from cold (left claw)
 k - a ring of fire
Wands
 f - a wand of digging (3)
 g - a wand of polymorph (3)
 q - a wand of mindburst (3)
 r - a wand of acid (3)
Scrolls
 d - 5 scrolls of identify
 i - 2 scrolls of teleportation
 u - a scroll of fear
Potions
 b - a potion of flight {unknown}
 c - 5 potions of heal wounds
 h - 5 potions of haste
 j - a potion of might
 l - a potion of brilliance
 p - 2 potions of curing
 t - a potion of resistance
 x - 2 potions of mutation


   Skills:
 - Level 7.7 Fighting
 * Level 12.7 Long Blades
 - Level 2.4 Dodging
 - Level 1.0 Stealth
 - Level 4.5 Unarmed Combat


You had 10 spell levels left.
You didn't know any spells.
Your spell library contained the following spells:

 Spells                   Type           Power      Damage    Failure   Level
 Foxfire                  Conj/Fire      0%         2x1d4     41%         1
 Ensorcelled Hibernation  Hex/Ice        0%         N/A       54%         2
 Passwall                 Tmut/Erth      0%         N/A       54%         2
 Conjure Flame            Conj/Fire      0%         6-21      78%         3
 Ignite Poison            Fire/Tmut/Pois 0%         N/A       78%         3
 Inner Flame              Hex/Fire       0%         N/A       78%         3
 Mephitic Cloud           Conj/Pois/Air  0%         N/A       78%         3
 Portal Projectile        Hex/Tloc       0%         N/A       78%         3
 Swiftness                Air            0%         N/A       78%         3
 Flame Wave               Conj/Fire      0%         2d4       99%         4
 Blade Hands              Tmut           0%         N/A       100%        5
 Excruciating Wounds      Necr           0%         N/A       100%        5
 Freezing Cloud           Conj/Ice/Air   0%         6-21      100%        5


Dungeon Overview and Level Annotations

Branches:
Dungeon (9/15)             Temple (0/1) D:5            Lair (0/6) D:9
    Orc (0/2) D:9          Bailey (visited)

Altars:
Cheibriados
Hepliaklqana
Makhleb
Okawaru
Trog
Yredelemnul

Shops:
D:4 !   D:9 ?


Innate Abilities, Weirdness & Mutations

Your life essence is reduced to manifest your ancestor. (-10% HP)
You are too large for most types of armour.
You have claws for hands.
Your natural rate of healing is unusually fast.
You are covered in fur. (AC +1)
You have tough skin. (AC +1)


Message History

The bolt of electricity hits your electric eel zombie!
Your electric eel zombie is destroyed!
You hit the wyvern but do no damage.
The wyvern is lightly wounded.
The wyvern bites you!
Your hound zombie barely misses the electric eel.
The wyvern barely misses you. The troll bites you!
The troll closely misses you. The troll claws you but does no damage.
Unknown command.
You are too injured to fight recklessly!
You are too injured to fight recklessly!
Unknown command.
You are too injured to fight recklessly!
The wyvern attacks as you move away! The wyvern barely misses you.
Shiptu misses the electric eel.
The troll attacks as you move away! The troll closely misses you. x2
The troll claws you but does no damage. The wyvern bites you.
Your hound zombie bites the electric eel.
The wyvern bites you!
Shiptu hits the electric eel with a +0 dagger of draining.
Shiptu drains the electric eel.
The electric eel shoots out a bolt of lightning at Shiptu!
The bolt of electricity hits Shiptu.
The troll attacks as you move away! The troll bites you!
* * * LOW HITPOINT WARNING * * *
The troll claws you but does no damage. The troll claws you!
* * * LOW HITPOINT WARNING * * *
Shiptu casts a spell at the wyvern.
The troll resists with some effort.
The bolt of electricity hits Shiptu!
A bolt of electricity appears from out of your range of vision.
The wyvern bites you!
* * * LOW HITPOINT WARNING * * *
The bolt of electricity hits Shiptu.
A bolt of electricity appears from out of your range of vision.
The wyvern attacks as you move away!
The wyvern bites you but does no damage.
The wyvern closely misses you.
A bolt of electricity appears from out of your range of vision. x2
The wyvern attacks as you move away! The wyvern bites you!
You die...

.#...###########RZ.......#
#.#.....########.###.....## #
..............#.#.......#
###.....######...........
#########.#
#.######..#.......#
≈≈≈≈......#
#.........##.....##
≈≈≈S......###.#####...###...##
S≈≈Z...R......#####...###..##
≈≈≈≈≈≈≈...#.Tl@........R..##
≈≈≈≈≈≈....#..########.#####
.≈.≈≈≈≈......# #.#
..≈≈≈≈≈......# #.#
>..≈≈≈≈......# #.#
..≈≈≈.≈≈...†)########.#
≈..≈≈≈....†..†........#
.≈≈≈≈≈≈...##.##########
≈≈≈≈≈≈.......#


You could see the friendly Shiptu the hexer, a troll and a wyvern (ally target).

Vanquished Creatures
  Erica (D:8)
  A two-headed ogre (D:9)
  A gargoyle (Bailey)
  Maggie (D:8)
  A slime creature (D:7)
  A vampire (Bailey)
  Sigmund (D:3)
  16 yaks (D:8)
  2 wraiths
  A steam dragon (D:7)
  Eustachio (D:5)
  A vampire mosquito (D:7)
  Menkaure (D:6)
  An acid dragon (D:7)
  Duvessa (D:5)
  A water moccasin (D:9)
  An ice beast (D:8)
  3 orc warriors
  A black bear (D:7)
  4 ogres
  2 wolves (D:9)
  4 centaurs
  A phantom (D:5)
  3 scorpions
  Dowan (D:5)
  11 killer bees
  An electric eel (D:9)
  4 wolf zombies (Bailey)
  4 vampire bats (Bailey)
  Crazy Yiuf (D:2)
  3 hounds (D:9)
  3 orc priests
  Ijyb (D:3)
  4 iguanas
  7 orc wizards
  Robin (D:2)
  8 adders
  14 gnolls
  2 white imps
  2 ufetubi
  A worm (D:2)
  4 dart slugs
  40 orcs
  7 endoplasms
  2 giant cockroaches
  16 goblins
  13 hobgoblins
  5 jackals
  16 kobolds
  8 ball pythons
  8 bats
  3 frilled lizards
  18 orc zombies (Bailey)
  5 rats
264 creatures vanquished.

Vanquished Creatures (collateral kills)
  Grinder (D:5)
  An orc warrior (D:5)
  A wolf (D:9)
  A kobold brigand (D:8)
  A necrophage (D:6)
  3 vampire bats (Bailey)
  A howler monkey (D:7)
  A wolf zombie (Bailey)
  A hound (D:9)
  An orc wizard (D:5)
  2 adders (D:3)
  2 gnolls
  An ufetubus (D:5)
  A dart slug (D:4)
  7 orcs
  A jackal (D:3)
  A quokka (D:4)
  2 kobolds
  4 orc zombies (Bailey)
33 creatures vanquished.

Vanquished Creatures (others)
  A hexer (D:8)
  A white imp (D:7)
  8 plants (D:7)
10 creatures vanquished.

Grand Total: 307 creatures vanquished

Notes
Turn   | Place    | Note
-------+----------+-------------------------------------------
     0 | D:1      | mistaj the Troll Monk began the quest for the Orb.
     0 | D:1      | Reached XP level 1. HP: 22/22 MP: 0/0
   124 | D:1      | Reached XP level 2. HP: 29/29 MP: 1/1
   311 | D:1      | Found a faded altar of an unknown god.
   674 | D:2      | Reached XP level 3. HP: 37/37 MP: 2/2
   731 | D:2      | Noticed Robin
   756 | D:2      | Killed Robin
   761 | D:2      | Reached XP level 4. HP: 34/45 MP: 3/3
   977 | D:2      | Identified the +0 robe of Wu Jian's Anger {Dex+2}
  1079 | D:2      | Found a runed translucent door.
  1080 | D:2      | Noticed Crazy Yiuf
  1086 | D:2      | Killed Crazy Yiuf
  1203 | D:2      | Found the +9 sword of Zonguldrok {reap}
  1361 | D:2      | Found a hazy altar of Hepliaklqana.
  1366 | D:2      | Became a worshipper of Hepliaklqana the Forgotten
  1366 | D:2      | Reached * piety under Hepliaklqana
  1366 | D:2      | Reached ** piety under Hepliaklqana
  1367 | D:2      | Remembered your ancestor Shiptu as a hexer
  1618 | D:3      | Reached XP level 5. HP: 44/48 MP: 4/4
  1758 | D:3      | Reached skill level 1 in Long Blades
  1981 | D:3      | Noticed Ijyb
  1989 | D:3      | Killed Ijyb
  1990 | D:3      | Reached skill level 2 in Long Blades
  2075 | D:3      | Noticed Sigmund
  2079 | D:3      | Killed Sigmund
  2080 | D:3      | Reached XP level 6. HP: 54/56 MP: 5/5
  2116 | D:3      | Reached skill level 3 in Long Blades
  2397 | D:3      | Found a basalt altar of Yredelemnul.
  2482 | D:4      | Found Visim's Distillery.
  2545 | D:4      | Reached XP level 7. HP: 63/63 MP: 6/6
  2557 | D:4      | Reached skill level 4 in Long Blades
  2612 | D:4      | Found a burning altar of Makhleb.
  2694 | D:4      | Reached skill level 5 in Fighting
  2706 | D:4      | Found a snail-covered altar of Cheibriados.
  3024 | D:5      | Entered Level 5 of the Dungeon
  3034 | D:5      | Found a staircase to the Ecumenical Temple.
  3334 | D:5      | Noticed Grinder
  3337 | D:5      | Reached skill level 5 in Long Blades
  3340 | D:5      | Paralysed by Grinder for 7 turns
  3346 | D:5      | Killed Grinder
  3347 | D:5      | Reached XP level 8. HP: 14/72 MP: 7/7
  3423 | D:5      | Noticed Duvessa
  3423 | D:5      | Noticed Dowan
  3431 | D:5      | Killed Duvessa
  3432 | D:5      | Killed Dowan
  3433 | D:5      | Reached skill level 6 in Long Blades
  3480 | D:5      | Reached *** piety under Hepliaklqana
  3543 | D:5      | Found an iron altar of Okawaru.
  3847 | D:6      | Noticed Eustachio
  3859 | D:5      | Killed Eustachio
  3860 | D:5      | Reached skill level 7 in Long Blades
  4060 | D:6      | Noticed Menkaure
  4065 | D:6      | Killed Menkaure
  4066 | D:6      | Reached XP level 9. HP: 82/82 MP: 8/8
  5008 | D:7      | Reached skill level 8 in Long Blades
  5015 | D:7      | Found a bloodstained altar of Trog.
  5127 | D:7      | Reached **** piety under Hepliaklqana
  5517 | D:7      | Found a flagged portal.
  5527 | Bailey   | Entered a bailey
  5676 | Bailey   | Reached skill level 9 in Long Blades
  5788 | Bailey   | Noticed a gargoyle
  5794 | Bailey   | Killed a gargoyle
  5795 | Bailey   | Reached XP level 10. HP: 84/91 MP: 9/9
  5816 | Bailey   | Found the +3 Elemental Staff {rElec rF++ rC++ AC+5}
  5837 | Bailey   | Identified the +7 scale mail of Xom's Favour {rN++ MP+9
                  | Stlth+}
  6228 | D:8      | Reached skill level 10 in Long Blades
  6250 | D:8      | Reached ***** piety under Hepliaklqana
  6339 | D:8      | Noticed Maggie
  6347 | D:8      | Killed Maggie
  6530 | D:8      | Reached skill level 11 in Long Blades
  6697 | D:8      | Noticed Erica
  7451 | D:8      | Killed Erica
  7452 | D:8      | Reached skill level 12 in Long Blades
  7452 | D:8      | Reached XP level 11. HP: 49/99 MP: 10/10
  7924 | D:9      | Found a staircase to the Orcish Mines.
  8042 | D:9      | Found Jequlasm's Magic Scroll Shop.
  8181 | D:9      | Noticed a two-headed ogre
  8190 | D:9      | Killed a two-headed ogre
  8284 | D:9      | Found a staircase to the Lair.
  8302 | D:9      | Mangled by a wyvern

Illustrated notes

Levels and vault maps discovered:
D:1:      zelgadis_glass_arrival_small, layout_rooms,
          chequers_ecumenical_altar_twisty, chequers_avenue, serial_bayou_pond_e
D:2:      minmay_wonky_spiral, layout_basic, basic_altar, grunt_ministairs_14,
          uniq_robin, uniq_crazy_yiuf_cottage
D:3:      minmay_general_purpose_star, layout_loops_ring,
          lemuel_coloured_pillars_altar, uniq_ijyb, uniq_sigmund
D:4:      layout_cave_pools, mainiacjoe_overflow_24_doors,
          kennysheep_slug_shrine, serial_shops, nicolae_stop_n_shop_1
D:5:      layout_rooms, kennysheep_mini_moat, minmay_temple_entry_wispy,
          uniq_duvessa, uniq_grinder
D:6:      layout_basic, uniq_eustachio, uniq_menkaure
D:7:      layout_basic, lemuel_tele_altar, enter_bailey_2, nrook_mini_backslash,
          minmay_shattered_shrine
D:8:      corexii_shantytown, layout_basic, uniq_erica, uniq_maggie
D:9:      minmay_clustersquares, layout_loops_ring, erik_lair_island,
          david_orc_2, serial_shops, shop, grunt_ministairs_13

Skill      XL: |  1  2  3  4  5  6  7  8  9 10 |
---------------+-------------------------------+-----
Fighting       | 3 4 5 6 7 |  7.7
Unarmed Combat | 4 |  4.5
Long Blades    | 2 3 5 7 9 12 | 12.7
Dodging        | |  2.4
Stealth        | |  1.0

Action                   |  1- 3 |  4- 6 |  7- 9 | 10-12 || total
-------------------------+-------+-------+-------+-------++-------
Melee: Unarmed           |   101 |    43 |       |       ||   144
       Punch             |     2 |       |     9 |     8 ||    19
       Double sword      |       |    85 |   195 |   252 ||   532
Invok: Ancestor Life: He |       |     1 |       |       ||     1
  Use: Scroll            |       |       |    18 |     7 ||    25
 Stab: Sleeping          |     4 |     2 |       |     3 ||     9
       Distracted        |       |     1 |     4 |     1 ||     6
       Confused          |       |       |     5 |     2 ||     7
Armor: Robe              |    37 |    46 |    32 |       ||   115
       Steam dragon scal |       |       |    46 |    98 ||   144
Dodge: Dodged            |    85 |    79 |   114 |   121 ||   399

Table legend: (Time is in decaauts)
 A = Elapsed time spent in this place.
 B = Non-inter-level travel time spent in this place.
 C = Inter-level travel time spent in this place.
 D = Time resting spent in this place.
 E = Time spent auto-exploring this place.
 F = Levels seen in this place.
 G = Mean time per level.
                   A        B        C        D        E       F      G
               +--------+--------+--------+--------+--------+-----+--------+
         Total |   8353 |   8187 |    166 |   1180 |   4734 |  10 |  835.3 |
       Dungeon |   7980 |   7814 |    166 |   1164 |   4674 |   9 |  886.7 |
        Bailey |    372 |    372 |      0 |     16 |     60 |   1 |  372.0 |
               +--------+--------+--------+--------+--------+-----+--------+

Top non-repeatable levels by time:
     D:8: 1765 daAuts
     D:2: 1049 daAuts
     D:6: 1038 daAuts
     D:3: 916 daAuts
     D:5: 833 daAuts
     D:7: 801 daAuts
     D:4: 560 daAuts
     D:1: 535 daAuts
     D:9: 480 daAuts
  Bailey: 372 daAuts
